 Dungeon Crawl Stone Soup version 0.30-b1-2-g02819fbbbe (webtiles) character file.

Game seed: 15046758310366644315

639 vatarom the Fighter (level 7, -8/63 HPs)
             Began as a Demonspawn Gladiator on Dec 25, 2023.
             Was an Initiate of Ru.
             Mangled by Duvessa
             ... wielding a +0 short sword
              (10 damage)
             ... on level 4 of the Dungeon.
             The game lasted 00:07:43 (2274 turns).

vatarom the Fighter (Demonspawn Gladiator)          Turns: 2274, Time: 00:07:44

Health: -8/63      AC:  6    Str: 16    XL:     7   Next: 25%
Magic:  7/7        EV: 14    Int:  9    God:    Ru [......]
Gold:   244        SH:  0    Dex: 15    Spells: 6/6 levels left

rFire   + . .        a - +0 quarterstaff
rCold   . . .        (shield currently unavailable)
rNeg    . . .        h - +2 leather armour {rF+}
rPois   .            (helmet restricted)
rElec   .            (no cloak)
rCorr   .            (no gloves)
SInv    .            k - +0 pair of boots
Will    .....        g - amulet of regeneration
Stlth   +            (no ring)
HPRegen 1.10/turn    (no ring)
MPRegen 0.10/turn

%: no passive effects
@: flying
A: horns 1, powered by death 2, spiny 2
a: Renounce Religion


You were on level 4 of the Dungeon.
You worshipped Ru.
Ru was noncommittal.
You visited 1 branch of the dungeon, and saw 4 of its levels.

You collected 244 gold pieces.

Inventory:

Hand Weapons
 a - a +0 quarterstaff (weapon)
Missiles
 e - a javelin (quivered)
 f - 64 stones
Armour
 c - a +0 helmet
 h - a +2 leather armour of fire resistance (worn)
 k - a +0 pair of boots (worn)
Jewellery
 g - an amulet of regeneration (around neck)
Scrolls
 l - a scroll of immolation
Potions
 b - a potion of magic


   Skills:
 * Level 8.4 Fighting
 * Level 8.0 Staves
 + Level 5.5 Throwing
 + Level 5.8 Dodging


You had 6 spell levels left.
You didn't know any spells.
Your spell library contained the following spells:

 Spells                   Type           Power      Damage    Failure   Level
 Magic Dart               Conj           0%         1d3       45%         1
 Searing Ray              Conj           0%         2d4       58%         2
 Dazzling Flash           Conj/Hex       0%         N/A       83%         3
 Fulminant Prism          Conj/Hex       0%         3d5       99%         4
 Agony                    Necr           0%         N/A       100%        5
 Silence                  Hex/Air        0%         N/A       100%        5


Dungeon Overview and Level Annotations

Branches:
Dungeon (4/15)
 Temple: D:4-7

Altars:
Ru

Shops:
D:3 (

Annotations:
D:3 2 transporters, Millikuen's ghost, amateur DsNe
D:4 Duvessa


Innate Abilities, Weirdness & Mutations

You have a pair of small horns on your head.
You regenerate health from kills.
You are mostly covered in sharp spines.


Message History

Your Throwing skill gained 3 levels and is now at level 5!
Your Dodging skill gained 2 levels and is now at level 5!
You have reached level 7!
Your demonic ancestry asserts itself...
Sharp spines emerge from more of your body.
Duvessa is struck by your spines. Duvessa hits you with a +0 short sword!
Okay, then.
It was a potion of flight.
You feel very buoyant.
You fly up into the air.
Duvessa hits you with a +0 short sword!
* * * LOW HITPOINT WARNING * * *
Duvessa is struck by your spines. Duvessa barely misses you.
You see here a dart slug corpse.
Duvessa barely misses you. Duvessa attacks as you move away!
Duvessa closely misses you. Duvessa hits you with a +0 short sword.
* * * LOW HITPOINT WARNING * * *
There is an open door, spattered with blood here.
Okay, then.
Okay, then.
Duvessa attacks as you move away! Duvessa hits you with a +0 short sword.
* * * LOW HITPOINT WARNING * * *
Duvessa rages.
Duvessa misses you. Duvessa attacks as you move away!
Duvessa closely misses you. Duvessa hits you with a +0 short sword.
* * * LOW HITPOINT WARNING * * *
Okay, then.
You hit Duvessa. You headbutt Duvessa, but do no damage.
Duvessa is moderately wounded.
Duvessa is struck by your spines. Duvessa hits you with a +0 short sword.
* * * LOW HITPOINT WARNING * * *
You sock Duvessa!
Duvessa is severely wounded.
Duvessa hits you with a +0 short sword.
* * * LOW HITPOINT WARNING * * *
You hit Duvessa.
Duvessa is almost dead.
Duvessa closely misses you. Duvessa hits you with a +0 short sword!
You die...

##.##.# #............#
##.###.#
#............. ##.##
#.# #.########....
#########.## #.###.#
... #........##
#.....###### ..
#####.#.###
###........# #
#..)†.#######........#
#.###.##.............#
#...#..'..e@.........#
#.#w####.............#
#......#...........###
.......#.........#.#
.......#.........#...
.e.....#.........# ##.
#..#+##############
#.. #^.


You could see Duvessa (berserk).

Vanquished Creatures
  An ogre (D:4)
  Dowan (D:4)
  A hound (D:4)
  An iguana (D:3)
  Jessica (D:3)
  4 adders
  4 dart slugs
  An orc (D:3)
  10 ball pythons
  10 endoplasms
  5 giant cockroaches
  4 goblins
  5 hobgoblins
  4 jackals (D:2)
  4 quokkas
  8 bats
  A frilled lizard (D:3)
  3 kobolds
  3 rats
71 creatures vanquished.

Notes
Turn   | Place    | Note
-------+----------+-------------------------------------------
     0 | D:1      | vatarom the Demonspawn Gladiator began the quest for the
                  | Orb.
     0 | D:1      | Reached XP level 1. HP: 16/16 MP: 1/1
   137 | D:1      | Gained mutation: You are partially covered in sharp spines.
                  | [demonic ancestry]
   137 | D:1      | Reached XP level 2. HP: 17/22 MP: 2/2
   166 | D:1      | Found a faded altar of an unknown god.
   628 | D:2      | Gained mutation: You regenerate a little health from kills.
                  | [demonic ancestry]
   628 | D:2      | Reached XP level 3. HP: 28/28 MP: 3/3
  1267 | D:2      | Gained mutation: You have a pair of small horns on your
                  | head. [demonic ancestry]
  1267 | D:2      | Reached XP level 4. HP: 31/34 MP: 4/4
  1347 | D:3      | Found Ubyph's Antique Weapon Shoppe.
  1383 | D:3      | Found a transporter.
  1383 | D:3      | Noticed Millikuen's ghost (amateur DsNe)
  1388 | D:3      | Found a transporter.
  1427 | D:3      | Noticed Jessica
  1433 | D:3      | Killed Jessica
  1441 | D:3      | Found a sacrificial altar of Ru.
  1466 | D:3      | Became a worshipper of Ru the Awakened
  1508 | D:3      | Reached XP level 5. HP: 28/41 MP: 5/5
  2033 | D:4      | Noticed an ogre
  2047 | D:4      | Killed an ogre
  2094 | D:4      | Gained mutation: You regenerate health from kills. [demonic
                  | ancestry]
  2094 | D:4      | Reached XP level 6. HP: 48/48 MP: 6/6
  2188 | D:4      | Noticed Dowan
  2194 | D:4      | Noticed Duvessa
  2221 | D:4      | Killed Dowan
  2262 | D:4      | Reached skill level 5 in Throwing
  2262 | D:4      | Reached skill level 5 in Dodging
  2262 | D:4      | Gained mutation: You are mostly covered in sharp spines.
                  | [demonic ancestry]
  2262 | D:4      | Reached XP level 7. HP: 32/63 MP: 7/7
  2273 | D:4      | HP: 1/63 [Duvessa/+0 short sword (6)]
  2274 | D:4      | Mangled by Duvessa

Illustrated notes

Levels and vault maps discovered:
D:1:      lightli_arrival_statue_moat, layout_basic,
          hellmonk_ecumenical_altar_zigzags
D:2:      layout_loops_corners
D:3:      layout_basic, nicolae_ru_sacrificial_ziggurat, gammafunk_ghost_arena,
          serial_shops, nicolae_shop_overgrown_old_shop, uniq_jessica
D:4:      layout_basic, kennysheep_mini, nicolae_qazlal_scattered_showers,
          bh_walls_and_bars, uniq_duvessa

Skill      XL: |  1  2  3  4  5  6 |
---------------+-------------------+-----
Throwing       | 2 5 |  5.5
Staves         | 3 4 8 |  8.0
Dodging        | 3 5 |  5.8
Fighting       | 3 4 8 |  8.4

Action                     |  1- 3 |  4- 6 |  7- 9 || total
---------------------------+-------+-------+-------++-------
  Melee: Quarterstaff      |    61 |    60 |     3 ||   124
         Headbutt          |       |    11 |     1 ||    12
  Throw: Stone             |     1 |       |       ||     1
         Throwing net      |       |     4 |       ||     4
    Use: Scroll            |     4 |     6 |       ||    10
         Potion            |     4 |     1 |     1 ||     6
   Stab: Sleeping          |     2 |     1 |       ||     3
         Held in net/web   |       |     3 |       ||     3
 Armour: Leather armour    |    12 |    13 |       ||    25
  Dodge: Dodged            |    30 |    34 |     6 ||    70
